 Dungeon Crawl Stone Soup version 0.30-a0-122-g2a1322497e (webtiles) character file.

Game seed: 18227627828428761525

5 Dreamer the Cutter (level 1, 0/21 HPs)
             Began as a Naga Berserker on Sept 15, 2022.
             Was a Follower of Trog.
             Slain by a hobgoblin (2 damage)
             ... on level 1 of the Dungeon.
             The game lasted 00:01:11 (286 turns).

Dreamer the Cutter (Naga Berserker)                  Turns: 286, Time: 00:01:11

Health: 0/21       AC:  1    Str: 19    XL:     1   Next: 80%
Magic:  1/1        EV:  9    Int:  7    God:    Trog [*.....]
Gold:   0          SH:  0    Dex: 10    Spells: 0/0 levels left

rFire   . . .      SeeInvis +    c - +0 dagger
rCold   . . .      Faith    .    (no shield)
rNeg    . . .      Spirit   .    b - +0 animal skin
rPois   +          Reflect  .    (no helmet)
rElec   .          Harm     .    (no cloak)
rCorr   .          Rampage  .    (no gloves)
Will    .....                    (no barding)
Stlth   +.........               (no amulet)
HPRegen 0.07/turn                (no ring)
MPRegen 0.07/turn                (no ring)

@: very slow
A: AC +0, large, see invisible, deformed body, poison resistance, slowness 2,
spit poison 1, naga tail 1
a: Spit Poison, Renounce Religion, Berserk


You were on level 1 of the Dungeon.
You worshipped Trog.
Trog was aware of your devotion.
You visited 1 branch of the dungeon, and saw 1 of its levels.

Inventory:

Hand Weapons
 a - a +0 short sword
 c - a +0 dagger (weapon)
Armour
 b - a +0 animal skin (worn)


   Skills:
 + Level 3.0 Fighting
 + Level 3.0 Short Blades
 + Level 1.6 Armour
 + Level 1.6 Dodging
 * Level 1.1 Stealth


You couldn't memorise any spells.
You didn't know any spells.
Your spell library was empty.

Dungeon Overview and Level Annotations

Branches:
Dungeon (1/15)

Altars:


Innate Abilities, Weirdness & Mutations

Your serpentine skin is tough. (AC +0)
You have supernaturally acute eyesight. (SInv)
Armour fits poorly on your strangely shaped body.
Your system is resistant to poisons. (rPois)
You cover ground very slowly.
You can spit poison.
You have a snake-like lower body.


Message History

You start resting.
HP restored.
A goblin comes into view. It is wielding a +0 club.
A kobold comes into view. It is wielding a +0 dagger.
The kobold shouts!
The goblin shouts!
You closely miss the goblin. The goblin hits you with a +0 club.
A hobgoblin comes into view.
You barely miss the goblin.
The hobgoblin shouts!
The goblin barely misses you. The kobold closely misses you.
You hit the goblin.
You kill the goblin!
Trog accepts your kill. The kobold hits you with a +0 dagger.
Your Stealth skill increases to level 1!
You hit the kobold.
You kill the kobold!
Trog accepts your kill.
You see here a +0 dagger.
c - a +0 dagger
c - a +0 dagger (weapon)
You barely miss the hobgoblin. The hobgoblin hits you.
You hit the hobgoblin but do no damage. The hobgoblin hits you.
You hit the hobgoblin but do no damage. The hobgoblin hits you.
You hit the hobgoblin but do no damage. The hobgoblin hits you.
You closely miss the hobgoblin. The hobgoblin closely misses you.
You closely miss the hobgoblin. You closely miss the hobgoblin.
The hobgoblin hits you.
You hit the hobgoblin.
The hobgoblin is moderately wounded.
The hobgoblin hits you.
* * * LOW HITPOINT WARNING * * *
You hit the hobgoblin.
The hobgoblin is heavily wounded.
The hobgoblin hits you.
* * * LOW HITPOINT WARNING * * *
You hit the hobgoblin.
The hobgoblin is almost dead.
The hobgoblin hits you.
You die...

#~<~#~#.#.......#
#≈≈≈≈≈≈≈#.#.......#
####+####.#.......#
.....$.........#
#......#.......#
.......#.......#
#.#....#.......#
..........######
..#...)@..#
#...g.### ##...##
#.#. ..... ......
....... .......


You could see a hobgoblin.

Vanquished Creatures
  A bat (D:1)
  2 giant cockroaches (D:1)
  A goblin (D:1)
  A kobold (D:1)
5 creatures vanquished.

Notes
Turn   | Place    | Note
-------+----------+-------------------------------------------
     0 | D:1      | Dreamer the Naga Berserker began the quest for the Orb.
     0 | D:1      | Reached XP level 1. HP: 21/21 MP: 1/1
   273 | D:1      | Reached skill level 1 in Stealth
   286 | D:1      | Slain by a hobgoblin

Illustrated notes

Levels and vault maps discovered:
D:1:      ncdulo_wetmaze, layout_rooms, hellmonk_ecumenical_altar_run_dry,
          minmay_misc_feat_hallway

Skill      XL: |  1 |
---------------+----+-----
Stealth        | 1 |  1.1
Fighting       | |  3.0
Short Blades   | |  3.0
Armour         | |  1.6
Dodging        | |  1.6

Action                   || total
-------------------------++-------
Melee: Short sword       ||    32
       Dagger            ||    10
Armor: Animal skin       ||    10
Dodge: Dodged            ||    17

Table legend: (Time is in decaauts)
 A = Elapsed time spent in this place.
 B = Non-inter-level travel time spent in this place.
 C = Inter-level travel time spent in this place.
 D = Time resting spent in this place.
 E = Time spent auto-exploring this place.
 F = Levels seen in this place.
 G = Mean time per level.
                   A        B        C        D        E       F      G
               +--------+--------+--------+--------+--------+-----+--------+
         Total |    296 |    296 |      0 |    136 |     81 |   1 |  296.0 |
       Dungeon |    296 |    296 |      0 |    136 |     81 |   1 |  296.0 |
               +--------+--------+--------+--------+--------+-----+--------+

Top non-repeatable levels by time:
     D:1: 296 daAuts
